 Dungeon Crawl Stone Soup version 0.27-a0-277-g024f7ef292 (webtiles) character file.

Game seed: 15503378164308298298

2277 KristoblXynda the Slasher (level 9, 0/62 HPs)
             Began as a Vampire Gladiator on Feb 5, 2021.
             Was a Follower of Ashenzari.
             Slain by an orc warrior
             ... wielding a +0 war axe
              (16 damage)
             ... on level 7 of the Dungeon.
             The game lasted 00:09:04 (5514 turns).

KristoblXynda the Slasher (Vampire Gladiator)       Turns: 5514, Time: 00:09:05

Health: 0/62       AC: 10    Str: 16    XL:     9   Next: 16%
Magic:  9/9        EV: 15    Int: 10    God:    Ashenzari [*.....]
Gold:   278        SH:  0    Dex: 16    Spells: 8/8 levels left

rFire    + . .     SeeInvis +   t - +7 falchion of Debt {pain, rF+ rC+ rN+}
rCold    + . .     Faith    .   (no shield)
rNeg     + + .     Spirit   .   k - +3 ring mail
rPois    .         Reflect  .   c - +0 helmet
rElec    .         Harm     .   (no cloak)
rCorr    .         Rampage  .   (no gloves)
Will     .....                  (no boots)
Stlth    +++.......             (no amulet)
HPRegen  0.40/turn              f - ring of positive energy
MPRegen  0.11/turn              (no ring)

@: regenerating quickly
A: fangs 3, see invisible, unbreathing
a: Exsanguinate, Renounce Religion, Curse Item, Scrying


You were on level 7 of the Dungeon.
You worshipped Ashenzari.
Ashenzari was aware of your devotion.
You visited 1 branch of the dungeon, and saw 7 of its levels.

You collected 291 gold pieces.
You spent 13 gold pieces at shops.

Inventory:

Hand Weapons
 b - a +7 rapier of draining
 t - the +7 falchion of Debt (weapon) {pain, rF+ rC+ rN+}
   (You found it on level 5 of the Dungeon)

   In the hands of one skilled in necromantic magic, it inflicts extra damage on
   living creatures.
   It protects you from fire.
   It protects you from cold.
   It protects you from negative energy.
Missiles
 d - 5 throwing nets (quivered)
Armour
 c - a +0 helmet (worn)
 k - a +3 ring mail (worn)
Jewellery
 f - a ring of positive energy (left hand)
Wands
 p - a wand of mindburst (7)
Scrolls
 a - a scroll of magic mapping {unknown}
 e - 5 scrolls of remove curse
 g - a scroll of enchant weapon
 i - a scroll of enchant armour {unknown}
 l - 5 scrolls of teleportation
 n - a scroll of random uselessness {unknown}
 s - a scroll of fear {unknown}
 u - a scroll of blinking {unknown}
 v - a scroll of immolation {unknown}
Potions
 h - a potion of lignification
 j - 2 potions of flight
 m - a potion of might {unknown}
 o - 3 potions of curing
 q - a potion of attraction
 r - a potion of brilliance {unknown}


   Skills:
 - Level 2.3 Fighting
 + Level 7.9 Long Blades
 - Level 2.0 Throwing
 + Level 4.6 Armour
 + Level 7.5 Dodging
 + Level 6.7 Stealth


You had 8 spell levels left.
You didn't know any spells.
Your spell library was empty.

Dungeon Overview and Level Annotations

Branches:
Dungeon (7/15)
 Temple: D:4-7

Altars:
Ashenzari
Gozag
Hepliaklqana
Trog
Uskayaw
Vehumet
Wu Jian
Xom
Yredelemnul

Shops:
D:6 *


Innate Abilities, Weirdness & Mutations

Your natural rate of healing is unusually fast.
You have razor-sharp teeth.
You have supernaturally acute eyesight. (SInv)
You can survive without breathing.


Message History

You barely miss the orc warrior.
You bite the orc warrior, but do no damage.
The orc warrior hits you with a +0 war axe!!
You closely miss the orc warrior. You closely miss the orc warrior.
The orc warrior barely misses you.
You hit the orc warrior.
The orc warrior is lightly wounded.
The orc warrior hits you with a +0 war axe!
* * * LOW HITPOINT WARNING * * *
You hit the orc warrior but do no damage.
You bite the orc warrior.
The orc warrior is moderately wounded.
The orc warrior hits you but does no damage.
Unknown command.
Aiming: Mindburst
Press: ? - help, Shift-Dir - straight line, f - orc warrior
Aim: an orc warrior, wielding a +0 war axe and wearing a +0 plate armour (moderately wounded, chance to affect: 65%)
The orc warrior's mind is blasted!
The orc warrior hits you with a +0 war axe!
You die...

### ### #.. ..#
####.# ###.# #.....
..#.# #.##.###.#.#
#.##)....#.#
##.##..##.#.#########
.....(...)...)(.@oo.#
#
.######.....#######.#
.# .# ##...## #.# ..#
.# ##.## #o#...### .#
### #oo...... .#
#.)...... .##
#........ ..#
.##...### #.# . ...#


You could see an orc warrior and an orc.

Vanquished Creatures
  A wyvern (D:7)
  Eustachio (D:4)
  Edmund (D:4)
  An ice beast (D:7)
  An orc warrior (D:6)
  2 sky beasts
  A necrophage (D:6)
  A centaur (D:6)
  5 killer bees (D:7)
  A howler monkey (D:4)
  A jelly (D:6)
  5 wights (D:6)
  A bullfrog zombie (D:7)
  A centaur zombie (D:5)
  An orc priest (D:4)
  2 gnoll shamans
  A centaur skeleton (D:4)
  Natasha (thrice) (D:3)
  4 worker ants
  4 orc wizards
  A hound skeleton (D:4)
  A worker ant zombie (D:5)
  12 gnolls
  6 adders
  2 white imps
  An ufetubus (D:6)
  3 adder skeletons
  5 worms
  2 dart slugs
  3 leopard geckos
  15 orcs
  A ball python (D:1)
  7 bats
  5 giant cockroaches
  2 gnoll zombies (D:3)
  6 goblins
  7 hobgoblins
  9 jackals
  2 quokkas
  10 frilled lizards
  9 kobolds
  A quokka skeleton (D:4)
  9 rats
157 creatures vanquished.

Vanquished Creatures (others)
  An orc wizard (D:4)
  5 fungi (D:7)
6 creatures vanquished.

Grand Total: 163 creatures vanquished

Notes
Turn   | Place    | Note
-------+----------+-------------------------------------------
     0 | D:1      | KristoblXynda the Vampire Gladiator began the quest for the
                  | Orb.
     0 | D:1      | Reached XP level 1. HP: 16/16 MP: 1/1
    68 | D:1      | Reached XP level 2. HP: 21/22 MP: 2/2
   287 | D:1      | Reached XP level 3. HP: 26/27 MP: 3/3
   505 | D:2      | Found an opulent altar of Gozag.
   508 | D:2      | Found a broken altar of Ashenzari.
  1180 | D:2      | Found a radiant altar of Vehumet.
  1180 | D:2      | Found a hazy altar of Hepliaklqana.
  1253 | D:2      | Became a worshipper of Ashenzari the Shackled
  1298 | D:3      | Noticed Natasha
  1306 | D:3      | Reached XP level 4. HP: 31/34 MP: 4/4
  1329 | D:3      | Killed Natasha
  1702 | D:3      | Noticed Natasha
  1707 | D:3      | Killed Natasha
  1708 | D:3      | Reached skill level 1 in Armour
  1708 | D:3      | Reached XP level 5. HP: 34/39 MP: 5/5
  1751 | D:3      | Noticed Natasha
  1761 | D:3      | Killed Natasha
  1975 | D:3      | Found a basalt altar of Yredelemnul.
  2086 | D:4      | Reached skill level 5 in Long Blades
  2086 | D:4      | Reached XP level 6. HP: 18/45 MP: 6/6
  2360 | D:4      | Noticed Eustachio
  2379 | D:4      | Reached skill level 5 in Dodging
  2628 | D:4      | Killed Eustachio
  2629 | D:4      | Reached XP level 7. HP: 20/51 MP: 7/7
  2670 | D:4      | Noticed Edmund
  2681 | D:4      | Killed Edmund
  3434 | D:5      | Entered Level 5 of the Dungeon
  3487 | D:5      | Found an ornate altar of the Wu Jian Council.
  3542 | D:5      | Found a hide-covered altar of Uskayaw.
  3604 | D:5      | Reached * piety under Ashenzari
  3642 | D:5      | Reached skill level 1 in Stealth
  3702 | D:5      | Noticed a moth of wrath
  3708 | D:5      | Found a bloodstained altar of Trog.
  3736 | D:5      | Got the falchion of Debt {pain, rF+ rC+ rN+}
  3738 | D:5      | Identified the +7 falchion of Debt {pain, rF+ rC+ rN+} (You
                  | found it on level 5 of the Dungeon)
  3994 | D:6      | Found a shimmering altar of Xom.
  4006 | D:6      | Found a shimmering altar of Xom.
  4007 | D:6      | Found a shimmering altar of Xom.
  4007 | D:6      | Found a shimmering altar of Xom.
  4109 | D:6      | Reached XP level 8. HP: 56/57 MP: 8/8
  4530 | D:6      | Found Lenoh's General Store.
  4533 | D:6      | Bought a potion of degeneration for 13 gold pieces
  5028 | D:6      | Reached skill level 5 in Stealth
  5227 | D:7      | Reached XP level 9. HP: 33/62 MP: 9/9
  5514 | D:7      | Slain by an orc warrior

Illustrated notes

Levels and vault maps discovered:
D:1:      saegor_arrival_simple_b, layout_rooms
D:2:      layout_loops_ring, grunt_temple_overflow_cloverleaf
D:3:      layout_rooms, lemuel_zombie_altar_yredelemnul,
          kennysheep_generic_room_8, uniq_natasha
D:4:      layout_cave_pools, serial_column_ruins, column_ruins_hut_ruined,
          column_ruins_hut_ruined, column_ruins_columns_corner,
          column_ruins_open_tiny, column_ruins_corridor_T,
          column_ruins_corridor_straight, column_ruins_corridor_straight,
          uniq_edmund, uniq_eustachio
D:5:      layout_rooms, eat_drink_and_be_merry_uskayaw, tgw_trog,
          nzn_wu_jian_council_hall
D:6:      layout_gridville, serial_shops, kennysheep_mini, xom_redecorated
D:7:      layout_loops_corners, temple_hall, lemuel_old_faithful,
          uniq_crazy_yiuf_cottage, uniq_joseph

Skill      XL: |  1  2  3  4  5  6  7  8 |
---------------+-------------------------+-----
Fighting       | 2 |  2.3
Throwing       | 2 |  2.0
Dodging        | 4 5 6 7 |  7.5
Long Blades    | 4 5 6 7 |  7.9
Armour         | 1 2 3 4 |  4.6
Stealth        | 2 6 |  6.7

Action                   |  1- 3 |  4- 6 |  7- 9 || total
-------------------------+-------+-------+-------++-------
Melee: Long sword        |   100 |   182 |       ||   282
       Bite              |    16 |    22 |    30 ||    68
       Rapier            |       |       |    58 ||    58
       Falchion          |       |       |   173 ||   173
Evoke: Wand              |       |       |     5 ||     5
  Use: Scroll            |     1 |     5 |     2 ||     8
       Potion            |       |     2 |     2 ||     4
 Stab: Sleeping          |     2 |       |     2 ||     4
Armor: Leather armour    |    25 |       |       ||    25
       Ring mail         |     5 |    86 |    78 ||   169
       Skin              |       |    62 |       ||    62
Dodge: Dodged            |   113 |   146 |   189 ||   448
       Rpst.: Long sword |    32 |    38 |       ||    70
       Falchion          |       |       |    38 ||    38

Table legend: (Time is in decaauts)
 A = Elapsed time spent in this place.
 B = Non-inter-level travel time spent in this place.
 C = Inter-level travel time spent in this place.
 D = Time resting spent in this place.
 E = Time spent auto-exploring this place.
 F = Levels seen in this place.
 G = Mean time per level.
                   A        B        C        D        E       F      G
               +--------+--------+--------+--------+--------+-----+--------+
         Total |   5558 |   5317 |    241 |   1127 |   2960 |   7 |  794.0 |
       Dungeon |   5558 |   5317 |    241 |   1127 |   2960 |   7 |  794.0 |
               +--------+--------+--------+--------+--------+-----+--------+

Top non-repeatable levels by time:
     D:6: 1205 daAuts
     D:4: 1147 daAuts
     D:3: 1022 daAuts
     D:2: 827 daAuts
     D:1: 489 daAuts
     D:5: 460 daAuts
     D:7: 404 daAuts
